 Seeded DCSS version 0.30.0-7-g0c4daa9e05 (webtiles) character file.

Game seed: 18007716519941398942 (custom seed)

509 IndexError the Skirmisher (level 7, -5/56 HPs)
             Began as a Gnoll Hunter on May 13, 2023.
             Slain by an ogre
             ... wielding a +0 giant club
              (12 damage)
             ... on level 5 of the Dungeon.
             The game lasted 00:03:12 (3341 turns).

IndexError the Skirmisher (Gnoll Hunter)            Turns: 3341, Time: 00:03:12

Health: -5/56      AC: 10    Str: 11    XL:     7   Next: 19%
Magic:  10/10      EV: 14    Int: 10    God:
Gold:   194        SH:  0    Dex: 17    Spells: 10/10 levels left

rFire   + + .        i - +0 shortbow (flame)
rCold   . . .        (shield currently unavailable)
rNeg    . . .        c - +0 leather armour
rPois   .            (no helmet)
rElec   .            q - +0 cloak
rCorr   .            k - +0 pair of gloves of Whack-A-Mole {rF+ Int+2 Slay+3}
SInv    .            w - +0 pair of boots
Will    +....        j - amulet of Teamok {rF+ Regen+}
Stlth   ++           t - ring of willpower
HPRegen 1.09/turn    v - +4 ring of protection
MPRegen 0.12/turn

%: no passive effects
@: no status effects
A: fangs 1, strong nose, distributed training
a: no special abilities


You were on level 5 of the Dungeon.
You visited 1 branch of the dungeon, and saw 5 of its levels.

You collected 194 gold pieces.

Inventory:

Hand Weapons
 i - a +0 shortbow of flaming (weapon)
   (You acquired it on level 1 of the Dungeon)
Missiles
 C - 6 atropa-tipped darts
Armour
 c - a +0 leather armour (worn)
 k - the +0 pair of gloves of Whack-A-Mole (worn) {rF+ Int+2 Slay+3}
   (You acquired it on level 1 of the Dungeon)

   Int:       It affects your intelligence (+2).
   Slay:      It affects your accuracy & damage with ranged weapons and melee
   (+3).
   rF:        It protects you from fire.
 q - a +0 cloak (worn)
   (You found it on level 2 of the Dungeon)
 w - a +0 pair of boots (worn)
   (You found it on level 3 of the Dungeon)
Jewellery
 j - the amulet of Teamok (around neck) {rF+ Regen+}
   (You acquired it on level 1 of the Dungeon)

   [amulet of regeneration]

   rF:        It protects you from fire.
   Regen:     It increases your rate of health regeneration.
 t - a ring of willpower (left hand)
   (You found it on level 2 of the Dungeon)
 v - a +4 ring of protection (right hand)
   (You found it on level 2 of the Dungeon)
 x - a ring of positive energy {rN+}
   (You found it on level 3 of the Dungeon)
Wands
 F - a wand of polymorph (2)
   (You found it on level 4 of the Dungeon)
Scrolls
 a - 2 scrolls of magic mapping {unknown}
 b - 2 scrolls of immolation {!r}
 g - 2 scrolls of enchant armour {unknown}
 h - 2 scrolls of fog {unknown}
 l - a scroll of butterflies {unknown}
 m - a scroll of silence {unknown}
 o - a scroll of brand weapon {unknown}
 r - 3 scrolls of identify {unknown}
 s - 3 scrolls of amnesia {unknown}
 y - a scroll of blinking {unknown}
 z - 2 scrolls of torment {unknown}
 A - a scroll of vulnerability {unknown}
 D - a scroll of enchant weapon {unknown}
 E - 2 scrolls of teleportation {unknown}
Potions
 d - 2 potions of heal wounds {unknown}
 e - 2 potions of berserk rage {unknown}
 f - 3 potions of might {unknown}
 n - 2 potions of attraction {unknown}
 p - a potion of haste {unknown}
 u - a potion of resistance {unknown}
Miscellaneous
 B - a piece from Xom's chessboard (15/15)
   (You found it on level 3 of the Dungeon)


   Skills:
 + Level 5.2 Fighting
 + Level 2.4 Short Blades
 + Level 2.4 Long Blades
 + Level 2.4 Axes
 + Level 2.4 Maces & Flails
 + Level 2.4 Polearms
 + Level 2.4 Staves
 + Level 8.9 Ranged Weapons
 + Level 2.4 Throwing
 + Level 2.4 Armour
 + Level 5.2 Dodging
 + Level 3.4 Stealth
 + Level 2.4 Shields
 + Level 2.4 Unarmed Combat
 + Level 2.4 Spellcasting
 + Level 2.0 Conjurations
 + Level 2.0 Hexes
 + Level 2.0 Summonings
 + Level 2.0 Necromancy
 + Level 2.0 Translocations
 + Level 2.0 Transmutations
 + Level 2.0 Fire Magic
 + Level 2.0 Ice Magic
 + Level 2.0 Air Magic
 + Level 2.0 Earth Magic
 + Level 2.0 Poison Magic
 + Level 2.7 Invocations
 + Level 2.4 Evocations


You had 10 spell levels left.
You didn't know any spells.
Your spell library contained the following spells:

 Spells                   Type           Power      Damage    Failure   Level
 Lesser Beckoning         Tloc           10%        N/A       26%         2
 Gell's Gravitas          Tloc           5%         N/A       45%         3
 Inner Flame              Hex/Fire       5%         N/A       45%         3
 Teleport Other           Tloc           5%         N/A       45%         3
 Flame Wave               Conj/Fire      5%         2d5       86%         4
 Sticky Flame             Conj/Fire      5%         2d3       86%         4
 Alistair's Intoxication  Tmut/Pois      3%         N/A       99%         5
 Borgnjor's Vile Clutch   Necr/Erth      2%         N/A       99%         5
 Eringya's Noxious Bog    Tmut/Pois      2%         N/A       100%        6


Dungeon Overview and Level Annotations

Branches:
Dungeon (5/15)
 Temple: D:4-7

Altars:
Nemelex Xobeh
Qazlal
Wu Jian
Xom
Zin
The Shining One

Shops:
D:2 :

Annotations:
D:5 Ijyb


Innate Abilities, Weirdness & Mutations

You have very sharp teeth.
Your uncanny sense of smell can sniff out nearby items.
Your experience applies equally to all skills.


Message History

You are too injured to fight recklessly!
You are too injured to fight recklessly!
You are too injured to fight recklessly!
Fire: i) +0 shortbow (flame)
Press: ? - help, Q - select action, (/) - cycle Shift-Dir - straight line, f/p - ogre
Aim: an ogre, wielding a +0 giant spiked club (translocational energy, severely wounded, 80% to hit)
You shoot an arrow. The arrow hits the ogre!
The arrow burns the ogre.
The phantom hits you.
The phantom blinks!
You blink.
Found 6 gold pieces and 10 stones.
Found a stone staircase leading down.
Your Conjurations skill increases to level 2!
Your Hexes skill increases to level 2!
Your Summonings skill increases to level 2!
Your Necromancy skill increases to level 2!
Your Translocations skill increases to level 2!
Your Transmutations skill increases to level 2!
Your Fire Magic skill increases to level 2!
Your Ice Magic skill increases to level 2!
Your Air Magic skill increases to level 2!
Your Earth Magic skill increases to level 2!
Your Poison Magic skill increases to level 2!
You have reached level 7!
You regained 2 hp, and now have 32/56 hp.
MP restored: 10 Fire: i) +0 shortbow (flame)
Press: ? - help, Q - select action, (/) - cycle Shift-Dir - straight line, f - phantom
Aim: a phantom (61% to hit)
You shoot an arrow. The arrow barely misses the phantom.
The phantom closely misses you.
Fire: i) +0 shortbow (flame)
Press: ? - help, Q - select action, (/) - cycle Shift-Dir - straight line, f/p - phantom
Aim: a phantom (61% to hit)
You shoot an arrow. The arrow hits the phantom.
The arrow burns the phantom.
The phantom hits you.
The phantom blinks!
You blink.
You take 1 damage, and have 32/56 hp.
Fire: i) +0 shortbow (flame)
Press: ? - help, Q - select action, (/) - cycle Shift-Dir - straight line, f/p - phantom
Aim: a phantom (moderately damaged, 61% to hit)
You shoot an arrow. The arrow hits the phantom.
The arrow burns the phantom.
The phantom hits you but does no damage.
Fire: i) +0 shortbow (flame)
Press: ? - help, Q - select action, (/) - cycle Shift-Dir - straight line, f/p - phantom
Aim: a phantom (heavily damaged, 61% to hit)
You shoot an arrow. The arrow barely misses the phantom.
The phantom barely misses you.
Fire: i) +0 shortbow (flame)
Press: ? - help, Q - select action, (/) - cycle Shift-Dir - straight line, f/p - phantom
Aim: a phantom (heavily damaged, 61% to hit)
You shoot an arrow. The arrow closely misses the phantom.
The phantom closely misses you.
Fire: i) +0 shortbow (flame)
Press: ? - help, Q - select action, (/) - cycle Shift-Dir - straight line, f/p - phantom
Aim: a phantom (heavily damaged, 61% to hit)
You shoot an arrow. The arrow hits the phantom.
The arrow burns the phantom.
The phantom hits you but does no damage.
The phantom closely misses you. The ogre closely misses you.
You regained 2 hp, and now have 37/56 hp.
Fire: i) +0 shortbow (flame)
Press: ? - help, Q - select action, (/) - cycle Shift-Dir - straight line, f/p - phantom
Aim: a phantom (severely damaged, 61% to hit)
You shoot an arrow. The arrow closely misses the phantom.
The phantom barely misses you.
Fire: i) +0 shortbow (flame)
Press: ? - help, Q - select action, (/) - cycle Shift-Dir - straight line, f/p - phantom
Aim: a phantom (severely damaged, 61% to hit)
You shoot an arrow. The arrow closely misses the phantom.
The ogre hits you with a +0 giant club!!
The phantom hits you but does no damage.
You take 20 damage, and have 18/56 hp.
MASSIVE DAMAGE!!
Fire: i) +0 shortbow (flame)
Press: ? - help, Q - select action, (/) - cycle Shift-Dir - straight line, f/p - phantom
Aim: a phantom (severely damaged, 61% to hit)
You shoot an arrow. The arrow closely misses the phantom.
The phantom barely misses you. The ogre closely misses you.
Fire: i) +0 shortbow (flame)
Press: ? - help, Q - select action, (/) - cycle Shift-Dir - straight line, f/p - phantom
Aim: a phantom (severely damaged, 61% to hit)
You shoot an arrow. The arrow barely misses the phantom.
The phantom completely misses you.
Fire: i) +0 shortbow (flame)
Press: ? - help, Q - select action, (/) - cycle Shift-Dir - straight line, f/p - phantom
Aim: a phantom (severely damaged, 61% to hit)
You shoot an arrow. The arrow misses the phantom.
The ogre closely misses you. The phantom completely misses you.
Fire: i) +0 shortbow (flame)
Press: ? - help, Q - select action, (/) - cycle Shift-Dir - straight line, f/p - phantom
Aim: a phantom (severely damaged, 61% to hit)
You shoot an arrow. The arrow hits the phantom!
The arrow burns the phantom.
The phantom hits you but does no damage.
The ogre hits you with a +0 giant club!
* * * LOW HITPOINT WARNING * * *
An iguana comes into view.
You take 15 damage, and have 6/56 hp.
MASSIVE DAMAGE!!
Fire: i) +0 shortbow (flame)
Press: ? - help, Q - select action, (/) - cycle Shift-Dir - straight line, f/p - phantom
Aim: a phantom (almost destroyed, 61% to hit)
You shoot an arrow. The arrow closely misses the phantom.
The iguana hisses angrily.
The phantom hits you but does no damage.
The ogre hits you with a +0 giant club!
You die...

. #.......#
....#.......#
.....O.<....#
....!##!.####
... ##..# .
#...# ∆
#...#######
#..OW...$..
###..@.......
#............
#..#..........
#. #.>........
#..........
..........(.
....l..(.....
..####.........
. #.........


You could see an ogre, a phantom and an iguana.

Vanquished Creatures
  An ogre (D:5)
  A phantom (D:5)
  Blork the orc (D:4)
  A scorpion (D:4)
  A hound (D:4)
  A sleepcap (D:4)
  An iguana (D:5)
  3 gnolls (D:4)
  An adder (D:2)
  A shadow imp (D:5)
  3 worms (D:2)
  4 dart slugs
  2 orcs (D:4)
  3 bats
  10 endoplasms
  4 giant cockroaches
  11 goblins
  2 hobgoblins (D:1)
  6 jackals
  9 kobolds
  4 quokkas
  7 ball pythons
  4 frilled lizards
  6 rats
87 creatures vanquished.

Notes
Turn   | Place    | Note
-------+----------+-------------------------------------------
     0 | D:1      | IndexError the Gnoll Hunter began the quest for the Orb.
     0 | D:1      | Reached XP level 1. HP: 20/20 MP: 1/1
    74 | D:1      | Reached XP level 2. HP: 26/26 MP: 2/2
   167 | D:1      | Identified 3 scrolls of acquirement
   167 | D:1      | Acquired the amulet of Teamok {rF+ Regen+}
   169 | D:1      | Acquired the +0 pair of gloves of Whack-A-Mole {rF+ Int+2
                  | Slay+3}
   171 | D:1      | Acquired a +0 shortbow of flaming
   379 | D:1      | Reached XP level 3. HP: 31/31 MP: 3/3
   477 | D:1      | Reached skill level 1 in Invocations
   610 | D:1      | Found a faded altar of an unknown god.
   610 | D:1      | Noticed a neqoxec
  1002 | D:2      | Reached skill level 1 in Short Blades
  1002 | D:2      | Reached skill level 1 in Long Blades
  1002 | D:2      | Reached skill level 1 in Axes
  1002 | D:2      | Reached skill level 1 in Maces & Flails
  1002 | D:2      | Reached skill level 1 in Polearms
  1002 | D:2      | Reached skill level 1 in Staves
  1002 | D:2      | Reached skill level 1 in Throwing
  1002 | D:2      | Reached skill level 1 in Armour
  1002 | D:2      | Reached skill level 1 in Shields
  1002 | D:2      | Reached skill level 1 in Unarmed Combat
  1002 | D:2      | Reached skill level 1 in Spellcasting
  1002 | D:2      | Reached skill level 1 in Evocations
  1145 | D:2      | Reached XP level 4. HP: 38/38 MP: 5/5
  1238 | D:2      | Found Lemucar's Book Boutique.
  1266 | D:2      | Identified the +2 hand axe "Plog" {drain, +Blink rCorr}
  1430 | D:2      | Reached skill level 1 in Conjurations
  1430 | D:2      | Reached skill level 1 in Hexes
  1430 | D:2      | Reached skill level 1 in Summonings
  1430 | D:2      | Reached skill level 1 in Necromancy
  1430 | D:2      | Reached skill level 1 in Translocations
  1430 | D:2      | Reached skill level 1 in Transmutations
  1430 | D:2      | Reached skill level 1 in Fire Magic
  1430 | D:2      | Reached skill level 1 in Ice Magic
  1430 | D:2      | Reached skill level 1 in Air Magic
  1430 | D:2      | Reached skill level 1 in Earth Magic
  1430 | D:2      | Reached skill level 1 in Poison Magic
  1977 | D:3      | Found a glowing silver altar of Zin.
  2015 | D:3      | Found a stormy altar of Qazlal.
  2058 | D:3      | Found a glowing golden altar of the Shining One.
  2100 | D:3      | Found a shimmering altar of Xom.
  2674 | D:4      | Noticed Blork the orc
  2678 | D:4      | Killed Blork the orc
  2679 | D:4      | Reached XP level 5. HP: 43/43 MP: 5/7
  2747 | D:4      | Found a sparkling altar of Nemelex Xobeh.
  2986 | D:4      | Reached skill level 3 in Stealth
  2986 | D:4      | Reached skill level 2 in Invocations
  2986 | D:4      | Reached XP level 6. HP: 50/50 MP: 8/8
  3004 | D:4      | Reached skill level 5 in Fighting
  3004 | D:4      | Reached skill level 5 in Dodging
  3082 | D:4      | Reached skill level 2 in Short Blades
  3082 | D:4      | Reached skill level 2 in Long Blades
  3082 | D:4      | Reached skill level 2 in Axes
  3082 | D:4      | Reached skill level 2 in Maces & Flails
  3082 | D:4      | Reached skill level 2 in Polearms
  3082 | D:4      | Reached skill level 2 in Staves
  3082 | D:4      | Reached skill level 2 in Throwing
  3082 | D:4      | Reached skill level 2 in Armour
  3082 | D:4      | Reached skill level 2 in Shields
  3082 | D:4      | Reached skill level 2 in Unarmed Combat
  3082 | D:4      | Reached skill level 2 in Spellcasting
  3082 | D:4      | Reached skill level 2 in Evocations
  3184 | D:4      | Found an ornate altar of the Wu Jian Council.
  3268 | D:5      | Entered Level 5 of the Dungeon
  3301 | D:5      | Noticed Ijyb
  3329 | D:5      | Reached skill level 2 in Conjurations
  3329 | D:5      | Reached skill level 2 in Hexes
  3329 | D:5      | Reached skill level 2 in Summonings
  3329 | D:5      | Reached skill level 2 in Necromancy
  3329 | D:5      | Reached skill level 2 in Translocations
  3329 | D:5      | Reached skill level 2 in Transmutations
  3329 | D:5      | Reached skill level 2 in Fire Magic
  3329 | D:5      | Reached skill level 2 in Ice Magic
  3329 | D:5      | Reached skill level 2 in Air Magic
  3329 | D:5      | Reached skill level 2 in Earth Magic
  3329 | D:5      | Reached skill level 2 in Poison Magic
  3329 | D:5      | Reached XP level 7. HP: 32/56 MP: 10/10
  3340 | D:5      | HP: 6/56 [ogre/+0 giant club (17)]
  3341 | D:5      | Slain by an ogre

Illustrated notes

Levels and vault maps discovered:
D:1:      psy_arrival_dodecagon, layout_basic,
          dreamdust_ecumenical_altar_sealed_demon
D:2:      layout_loops_cross, serial_shops, shop, minmay_misc_feat_cross,
          glass_columns_c, minmay_ruptured
D:3:      layout_basic, xom_butterflies, nicolae_qazlal_scattered_showers,
          nicolae_overflow_crystal_walls, tso_oasis_becter
D:4:      layout_cave_pools, kennysheep_mini, nicolae_wu_jian_wuxing_cycle,
          serial_column_ruins, column_ruins_circle_small, column_ruins_grid_3,
          column_ruins_open_large, column_ruins_grid_1, column_ruins_grid_1,
          column_ruins_open_tiny, chequers_hall_statues_wall_a,
          chequers_serial_rivers_micro_c, uniq_blork_the_orc
D:5:      minmay_evil_eye, layout_rooms, nicolae_ru_the_path_less_chosen,
          uniq_ijyb, uniq_grinder

Skill      XL: |  1  2  3  4  5  6 |
---------------+-------------------+-----
Invocations    | 1 2 |  2.7
Short Blades   | 1 2 |  2.4
Long Blades    | 1 2 |  2.4
Axes           | 1 2 |  2.4
Maces & Flails | 1 2 |  2.4
Polearms       | 1 2 |  2.4
Staves         | 1 2 |  2.4
Throwing       | 1 2 |  2.4
Armour         | 1 2 |  2.4
Shields        | 1 2 |  2.4
Unarmed Combat | 1 2 |  2.4
Spellcasting   | 1 2 |  2.4
Evocations     | 1 2 |  2.4
Conjurations   | 1 2 |  2.0
Hexes          | 1 2 |  2.0
Summonings     | 1 2 |  2.0
Necromancy     | 1 2 |  2.0
Translocations | 1 2 |  2.0
Transmutations | 1 2 |  2.0
Fire Magic     | 1 2 |  2.0
Ice Magic      | 1 2 |  2.0
Air Magic      | 1 2 |  2.0
Earth Magic    | 1 2 |  2.0
Poison Magic   | 1 2 |  2.0
Stealth        | 3 |  3.4
Fighting       | 5 |  5.2
Dodging        | 5 |  5.2
Ranged Weapons | |  8.9

Action                     |  1- 3 |  4- 6 |  7- 9 || total
---------------------------+-------+-------+-------++-------
   Fire: Sling             |    38 |       |       ||    38
         Shortbow          |    39 |   112 |    13 ||   164
    Use: Scroll            |     3 |       |       ||     3
 Armour: Leather armour    |     3 |     8 |     5 ||    16
  Dodge: Dodged            |    17 |    14 |    11 ||    42

Levels and vault maps discovered:
D:1:      psy_arrival_dodecagon, layout_basic,
          dreamdust_ecumenical_altar_sealed_demon
D:2:      layout_loops_cross, serial_shops, shop, minmay_misc_feat_cross,
          glass_columns_c, minmay_ruptured
D:3:      layout_basic, xom_butterflies, nicolae_qazlal_scattered_showers,
          nicolae_overflow_crystal_walls, tso_oasis_becter
D:4:      layout_cave_pools, kennysheep_mini, nicolae_wu_jian_wuxing_cycle,
          serial_column_ruins, column_ruins_circle_small, column_ruins_grid_3,
          column_ruins_open_large, column_ruins_grid_1, column_ruins_grid_1,
          column_ruins_open_tiny, chequers_hall_statues_wall_a,
          chequers_serial_rivers_micro_c, uniq_blork_the_orc
D:5:      minmay_evil_eye, layout_rooms, nicolae_ru_the_path_less_chosen,
          uniq_ijyb, uniq_grinder

Table legend: (Time is in decaauts)
 A = Elapsed time spent in this place.
 B = Non-inter-level travel time spent in this place.
 C = Inter-level travel time spent in this place.
 D = Time resting spent in this place.
 E = Time spent auto-exploring this place.
 F = Levels seen in this place.
 G = Mean time per level.
                   A        B        C        D        E       F      G
               +--------+--------+--------+--------+--------+-----+--------+
         Total |   3359 |   3080 |    279 |      0 |   2594 |   5 |  671.8 |
       Dungeon |   3359 |   3080 |    279 |      0 |   2594 |   5 |  671.8 |
               +--------+--------+--------+--------+--------+-----+--------+

Top non-repeatable levels by time:
     D:1: 1104 daAuts
     D:3: 879 daAuts
     D:2: 701 daAuts
     D:4: 627 daAuts
     D:5: 47 daAuts

Table legend:
 A = Kills in this place as a percentage of kills in the entire game.
 B = Kills by you in this place as a percentage of kills by you in the entire game.
 C = Kills by friends in this place as a percentage of kills by friends in the entire game.
 D = Other kills in this place as a percentage of other kills in the entire game.
 E = Experience gained in this place as a percentage of experience gained in the entire game.
 F = Experience gained in this place divided by the number of levels of this place that you have seen.
                   A       B       C       D       E      F
               +-------+-------+-------+-------+-------+----------------------
         Total | 100.0 | 100.0 |   N/A |   N/A | 100.0 | 145.6
       Dungeon | 100.0 | 100.0 |   N/A |   N/A | 100.0 | 145.6
               +-------+-------+-------+-------+-------+----------------------
